 Dungeon Crawl Stone Soup version 0.29.1-2-gbd0b4ee654 (webtiles) character file.

Game seed: 14299015966170101921

3406 MisterFreud the Covert (level 10, -5/79 (81) HPs)
             Began as a Gnoll Delver on Nov 14, 2022.
             Slain by a wight
             ... wielding a +4 great sword
              (8 damage)
             ... on level 8 of the Dungeon.
             The game lasted 00:12:45 (10380 turns).

MisterFreud the Covert (Gnoll Delver)              Turns: 10380, Time: 00:12:46

HP:   -5/79 (81)    AC: 11    Str: 11    XL:     10   Next: 4%
MP:   17/17         EV: 13    Int: 14    God:
Gold: 399           SH:  0    Dex: 14    Spells: 19/19 levels left

rFire   . . .      SeeInvis +   D - +3 rapier (vamp)
rCold   . . .      Faith    .   (no shield)
rNeg    . . .      Spirit   .   k - +3 ring mail {rPois}
rPois   +          Reflect  .   i - +0 helmet
rElec   .          Harm     .   (no cloak)
rCorr   .          Rampage  .   j - +0 pair of gloves
Will    .....                   (no boots)
Stlth   ++++......              (no amulet)
HPRegen 0.23/turn               t - ring of see invisible
MPRegen 0.15/turn               (no ring)

@: lightly drained
A: fangs 1, strong nose, distributed training
a: no special abilities


You were on level 8 of the Dungeon.
You visited 2 branches of the dungeon, and saw 10 of its levels.

You collected 399 gold pieces.

Inventory:

Hand Weapons
 a - a +0 vorpal short sword
 u - a +0 short sword of protection
 w - a +3 dagger of venom
 D - a +3 vampiric rapier (weapon)
Missiles
 e - 3 javelins
 h - 20 poisoned darts (quivered)
 A - 3 boomerangs of dispersal
Armour
 b - a +0 leather armour
 i - a +0 helmet (worn)
 j - a +0 pair of gloves (worn)
 k - a +3 ring mail of poison resistance (worn)
Jewellery
 t - a ring of see invisible (left hand)
 v - a ring of ice
 x - an amulet of faith
 z - a ring of poison resistance
Wands
 g - a wand of digging (3)
 n - a wand of acid (11)
 B - a wand of flame (12)
Scrolls
 c - 3 scrolls of fog
 d - a scroll of magic mapping
 o - 4 scrolls of identify
 q - a scroll of enchant armour
 r - 4 scrolls of teleportation
 s - a scroll of blinking
 y - 2 scrolls of amnesia
 C - 2 scrolls of brand weapon
 F - a scroll of noise {unknown}
Potions
 f - a potion of resistance
 l - a potion of mutation
 m - 2 potions of heal wounds
 p - 2 potions of berserk rage {unknown}


   Skills:
 + Level 8.3 Fighting
 + Level 6.9 Short Blades
 + Level 5.0 Long Blades
 + Level 5.0 Axes
 + Level 5.0 Maces & Flails
 + Level 5.0 Polearms
 + Level 5.0 Staves
 + Level 5.0 Ranged Weapons
 + Level 5.0 Throwing
 + Level 5.0 Armour
 + Level 6.9 Dodging
 + Level 10.8 Stealth
 + Level 5.0 Shields
 + Level 5.0 Unarmed Combat
 + Level 5.0 Spellcasting
 + Level 4.1 Conjurations
 + Level 4.1 Hexes
 + Level 4.1 Summonings
 + Level 4.1 Necromancy
 + Level 4.1 Translocations
 + Level 4.1 Transmutations
 + Level 4.1 Fire Magic
 + Level 4.1 Ice Magic
 + Level 4.1 Air Magic
 + Level 4.1 Earth Magic
 + Level 4.1 Poison Magic
 + Level 5.5 Invocations
 + Level 5.0 Evocations


You had 19 spell levels left.
You didn't know any spells.
Your spell library contained the following spells:

 Spells                   Type           Power      Damage    Failure   Level
 Apportation              Tloc           30%        N/A       7%          1
 Necrotise                Necr           60%        1d7       7%          1
 Shock                    Conj/Air       60%        1d6       7%          1
 Summon Small Mammal      Summ           60%        N/A       7%          1
 Ensorcelled Hibernation  Hex/Ice        30%        N/A       11%         2
 Dazzling Flash           Conj/Hex       30%        N/A       21%         3
 Inner Flame              Hex/Fire       15%        N/A       21%         3
 Spider Form              Tmut/Pois      15%        N/A       21%         3
 Stone Arrow              Conj/Erth      30%        3d8       21%         3
 Swiftness                Air            15%        N/A       21%         3
 Tukima's Dance           Hex            15%        N/A       21%         3
 Airstrike                Air            7%         2d(2-18)  56%         4
 Anguish                  Hex/Necr       7%         N/A       56%         4
 Animate Armour           Summ/Erth      30%        N/A       56%         4
 Iskenderun's Mystic Bla  Conj/Tloc      15%        2d5       56%         4
 Passage of Golubria      Tloc           15%        N/A       56%         4
 Sticky Flame             Conj/Fire      15%        2d4       56%         4
 Borgnjor's Vile Clutch   Necr/Erth      7%         N/A       88%         5
 Yara's Violent Unravell  Hex/Tmut       7%         3d5       88%         5
 Starburst                Conj/Fire      7%         6d4       100%        6
 Lehudib's Crystal Spear  Conj/Erth      7%         10d3      100%        8


Dungeon Overview and Level Annotations

Branches:
Dungeon (9/15)             Temple (1/1) D:7
   Lair: D:8-11         Orc: D:9-12

Altars:
Ashenzari
Cheibriados
Dithmenos
Elyvilon
Fedhas
Gozag
Kikubaaqudgha
Makhleb
Nemelex Xobeh
Okawaru
Qazlal
Ru
Sif Muna
Trog
Vehumet
Xom
Yredelemnul
Zin

Shops:
D:2 [   D:3 *


Innate Abilities, Weirdness & Mutations

You have very sharp teeth.
Your uncanny sense of smell can sniff out nearby items.
Your experience applies equally to all skills.


Message History

The wyvern is almost dead.
The wyvern misses you.
You barely miss the wyvern. Your bite misses the wyvern.
The wyvern is almost dead.
The wyvern closely misses you.
You hit the wyvern.
You feel better.
You kill the wyvern!
Your life force feels restored.
Things that are here:
a +1 battleaxe; a +0 robe The wight misses you.
There is an escape hatch in the ceiling here.
The wight hits you but does no damage. A mysterious force pulls you upwards.
The hatch slams shut behind you.
Unknown command.
The wight attacks as you move away! The wight barely misses you.
The wight attacks as you move away! The wight misses you.
The wight attacks as you move away! The wight barely misses you.
The wight misses you.
Found a stone staircase leading up.
The wight attacks as you move away!
The wight hits you with a +0 morningstar.
* * * LOW HITPOINT WARNING * * *
You feel drained.
* * * LOW HITPOINT WARNING * * *
The wight attacks as you move away! The wight barely misses you.
The wight attacks as you move away! The wight hits you but does no damage.
Found a red potion.
The wight attacks as you move away!
The wight hits you with a +4 great sword!
* * * LOW HITPOINT WARNING * * *
You feel much better. The wight completely misses you.
The wight barely misses you. The wight attacks as you move away!
The wight barely misses you. The wight attacks as you move away!
The wight hits you with a +4 great sword!!
* * * LOW HITPOINT WARNING * * *
There is a stone staircase leading up here.
The wight hits you with a +4 great sword!
You die...

## ####### #.###
#.....# #...##
#.....# ∆ ....
#..≈..# ##
#.######.~~~.#
###..###z.zz.....~..#
#.....@z##.z........#
#.#!###.##.z........#
#.##..........#
####..........#
#..........#
..........###
+#.....#### ......
.....


You could see 4 wights.

Vanquished Creatures
  Grinder (D:6)
  A hornet (D:9)
  A wyvern (D:9)
  Menkaure (D:6)
  2 water moccasins
  2 black bears
  2 sky beasts (D:7)
  2 necrophages
  4 scorpions
  7 wights
  7 killer bees (D:7)
  2 howler monkeys
  4 jellies
  7 hounds
  2 gnoll boudas
  6 orc priests
  An iguana (D:5)
  2 orc wizards (D:5)
  Robin (D:4)
  19 gnolls
  7 adders
  2 ufetubi
  3 worms
  4 dart slugs
  12 orcs
  6 ball pythons
  3 bats
  8 endoplasms
  3 giant cockroaches
  16 goblins
  13 hobgoblins
  4 jackals (D:1)
  6 quokkas
  5 frilled lizards
  10 kobolds
  12 rats
188 creatures vanquished.

Vanquished Creatures (others)
  An angel (D:3)
1 creature vanquished.

Grand Total: 189 creatures vanquished

Notes
Turn   | Place    | Note
-------+----------+-------------------------------------------
     0 | D:5      | Reached skill level 9 in Stealth
     0 | D:5      | MisterFreud the Gnoll Delver began the quest for the Orb.
     0 | D:5      | Reached XP level 1. HP: 23/23 MP: 1/1
     1 | D:6      | Noticed a hound
     1 | D:6      | Noticed an orc priest
     2 | D:6      | Noticed an orc priest
    37 | D:5      | Noticed an iguana
    39 | D:5      | Noticed a scorpion
   101 | D:4      | Noticed a necrophage
   107 | D:5      | Noticed an orc wizard
   112 | D:5      | Noticed an orc wizard
   131 | D:5      | Noticed a jelly
   142 | D:6      | Noticed a hound
   145 | D:6      | Noticed Menkaure
   148 | D:6      | Noticed a jelly
   179 | D:6      | Noticed a hound
   182 | D:6      | Found a bloodstained altar of Trog.
   186 | D:6      | Killed a hound
   187 | D:6      | Reached XP level 2. HP: 11/29 MP: 1/3
   187 | D:6      | Reached XP level 3. HP: 13/35 MP: 1/4
   404 | D:4      | Reached skill level 1 in Invocations
   784 | D:3      | Reached skill level 1 in Long Blades
   784 | D:3      | Reached skill level 1 in Axes
   784 | D:3      | Reached skill level 1 in Maces & Flails
   784 | D:3      | Reached skill level 1 in Polearms
   784 | D:3      | Reached skill level 1 in Staves
   784 | D:3      | Reached skill level 1 in Ranged Weapons
   784 | D:3      | Reached skill level 1 in Throwing
   784 | D:3      | Reached skill level 1 in Armour
   784 | D:3      | Reached skill level 1 in Shields
   784 | D:3      | Reached skill level 1 in Unarmed Combat
   784 | D:3      | Reached skill level 1 in Spellcasting
   784 | D:3      | Reached skill level 1 in Evocations
   863 | D:3      | Killed an angel
  1087 | D:1      | Reached XP level 4. HP: 41/41 MP: 5/5
  1662 | D:1      | Reached skill level 1 in Conjurations
  1662 | D:1      | Reached skill level 1 in Hexes
  1662 | D:1      | Reached skill level 1 in Summonings
  1662 | D:1      | Reached skill level 1 in Necromancy
  1662 | D:1      | Reached skill level 1 in Translocations
  1662 | D:1      | Reached skill level 1 in Transmutations
  1662 | D:1      | Reached skill level 1 in Fire Magic
  1662 | D:1      | Reached skill level 1 in Ice Magic
  1662 | D:1      | Reached skill level 1 in Air Magic
  1662 | D:1      | Reached skill level 1 in Earth Magic
  1662 | D:1      | Reached skill level 1 in Poison Magic
  2105 | D:2      | Found Madul's Antique Armour Shop.
  2142 | D:2      | HP: 1/41 [worm (4)]
  2871 | D:2      | Reached XP level 5. HP: 46/47 MP: 7/7
  3340 | D:3      | Found a faded altar of an unknown god.
  3433 | D:3      | Found a glowing silver altar of Zin.
  3453 | D:3      | Found a shimmering altar of Xom.
  3671 | D:3      | Found Fahecet's General Store.
  3678 | D:3      | Found a broken altar of Ashenzari.
  3801 | D:3      | Found a shimmering blue altar of Sif Muna.
  4091 | D:4      | Noticed Robin
  4119 | D:4      | Killed Robin
  4433 | D:4      | Reached XP level 6. HP: 32/50 MP: 8/8
  4440 | D:4      | Reached skill level 5 in Short Blades
  4440 | D:4      | Reached skill level 5 in Dodging
  4990 | D:5      | Noticed a black bear
  5021 | D:5      | Reached XP level 7. HP: 30/60 MP: 10/10
  5220 | D:5      | Reached skill level 10 in Stealth
  5235 | D:5      | Found a sacrificial altar of Ru.
  5446 | D:6      | Reached XP level 8. HP: 13/67 MP: 12/12
  7146 | D:6      | Killed Menkaure
  7398 | D:6      | Found a burning altar of Makhleb.
  7402 | D:6      | Noticed Grinder
  7405 | D:6      | Paralysed by Grinder for 5 turns
  7445 | D:6      | Reached XP level 9. HP: 28/73 MP: 14/14
  7460 | D:6      | Killed Grinder
  8115 | D:7      | Found a radiant altar of Vehumet.
  8786 | D:7      | Reached skill level 5 in Invocations
  9019 | D:7      | Found an iron altar of Okawaru.
  9091 | D:7      | Found a staircase to the Ecumenical Temple.
  9104 | Temple   | Entered the Ecumenical Temple
  9186 | D:7      | Found a shadowy altar of Dithmenos.
 10004 | D:7      | Got the Grimoire of the Lithic Coals
 10075 | D:7      | Identified a scroll of acquirement
 10075 | D:7      | Acquired a +2 vampiric rapier
 10110 | D:8      | You fall into a shaft and drop 1 floor!
 10137 | D:9      | Noticed a hornet
 10142 | D:9      | Killed a hornet
 10168 | D:9      | Found a white marble altar of Elyvilon.
 10337 | D:9      | Reached skill level 5 in Long Blades
 10337 | D:9      | Reached skill level 5 in Axes
 10337 | D:9      | Reached skill level 5 in Maces & Flails
 10337 | D:9      | Reached skill level 5 in Polearms
 10337 | D:9      | Reached skill level 5 in Staves
 10337 | D:9      | Reached skill level 5 in Ranged Weapons
 10337 | D:9      | Reached skill level 5 in Throwing
 10337 | D:9      | Reached skill level 5 in Armour
 10337 | D:9      | Reached skill level 5 in Shields
 10337 | D:9      | Reached skill level 5 in Unarmed Combat
 10337 | D:9      | Reached skill level 5 in Spellcasting
 10337 | D:9      | Reached skill level 5 in Evocations
 10337 | D:9      | Reached XP level 10. HP: 51/79 MP: 17/17
 10375 | D:8      | HP: 2/79 [wight/+4 great sword (12)]
 10380 | D:8      | Slain by a wight

Illustrated notes

Levels and vault maps discovered:
D:1:      spicycebolla_arrival_xxxplode, layout_basic, minmay_misc_feat_square
D:2:      minmay_evil_eye, layout_loops_cross, serial_shops,
          nicolae_shop_waterfront
D:3:      layout_basic, grunt_temple_overflow_order_and_chaos_1,
          nicolae_overflow_hidden_temple, serial_shops, shop,
          dilly_ecumenical_altar_fadedgnrine, kennysheep_generic_room_10
D:4:      layout_cave_pools, uniq_robin
D:5:      layout_basic, kennysheep_mini
D:6:      layout_rooms, trog_three_pillars_becter,
          mainiacjoe_overflow_surrounded_room, uniq_menkaure, uniq_grinder
D:7:      layout_loops_cross, mainiacjoe_overflow_chevrons,
          nicolae_dithmenos_shadow_blocks, vehumet_crystals, temple_fountains,
          enter_bailey_7
D:8:      layout_basic, lemuel_doored_altar, gammafunk_ghost_ooze, minivault_21
D:9:      layout_loops_cross, mainiacjoe_overflow_six_doors_small,
          kennysheep_generic_room_13
Temple:   nicolae_temple_ecumenical_triangle

Skill      XL: |  1  2  3  4  5  6  7  8  9 |
---------------+----------------------------+-----
Stealth        | 10 | 10.8
Invocations    | 1 2 3 4 5 |  5.5
Long Blades    | 1 2 3 5 |  5.0
Axes           | 1 2 3 5 |  5.0
Maces & Flails | 1 2 3 5 |  5.0
Polearms       | 1 2 3 5 |  5.0
Staves         | 1 2 3 5 |  5.0
Ranged Weapons | 1 2 3 5 |  5.0
Throwing       | 1 2 3 5 |  5.0
Armour         | 1 2 3 5 |  5.0
Shields        | 1 2 3 5 |  5.0
Unarmed Combat | 1 2 3 5 |  5.0
Spellcasting   | 1 2 3 5 |  5.0
Evocations     | 1 2 3 5 |  5.0
Conjurations   | 1 2 3 4 |  4.1
Hexes          | 1 2 3 4 |  4.1
Summonings     | 1 2 3 4 |  4.1
Necromancy     | 1 2 3 4 |  4.1
Translocations | 1 2 3 4 |  4.1
Transmutations | 1 2 3 4 |  4.1
Fire Magic     | 1 2 3 4 |  4.1
Ice Magic      | 1 2 3 4 |  4.1
Air Magic      | 1 2 3 4 |  4.1
Earth Magic    | 1 2 3 4 |  4.1
Poison Magic   | 1 2 3 4 |  4.1
Short Blades   | 5 6 |  6.9
Dodging        | 5 6 |  6.9
Fighting       | 7 8 |  8.3

Action                   |  1- 3 |  4- 6 |  7- 9 | 10-12 || total
-------------------------+-------+-------+-------+-------++-------
Melee: Short sword       |    82 |   330 |       |       ||   412
       Bite              |    11 |    37 |    67 |     2 ||   117
       Punch             |     2 |     6 |    12 |       ||    20
       Dagger            |       |    69 |   461 |       ||   530
       Rapier            |       |       |    16 |    10 ||    26
  Use: Potion            |     1 |       |     4 |     1 ||     6
       Scroll            |       |     9 |     6 |       ||    15
 Stab: Sleeping          |     4 |    25 |     7 |       ||    36
       Distracted        |       |       |     1 |       ||     1
Armor: Ring mail         |    14 |   172 |   185 |     6 ||   377
       Leather armour    |     7 |       |       |       ||     7
Dodge: Dodged            |    30 |   215 |   256 |    16 ||   517
